 Dungeon Crawl Stone Soup version 0.21-a0-356-g45b0a09 (webtiles) character file.

259 grizmgrazm2 the Sneak (level 5, -1/37 HPs)
             Began as a Vampire Enchanter on Oct 12, 2017.
             Slain by an orc wizard
             ... wielding a +0 dagger
              (6 damage)
             ... on level 4 of the Dungeon.
             The game lasted 00:09:34 (4199 turns).

grizmgrazm2 the Sneak (Vampire Enchanter)           Turns: 4199, Time: 00:09:35

Health: -1/37      AC:  6    Str:  8    XL:     5   Next: 94%
Magic:  1/9        EV: 12    Int: 18    God:
Gold:   185        SH:  0    Dex: 14    Spells: 0/9 levels left

rFire    + + .     SeeInvis +   l - +1 rapier
rCold    + + .     Gourm    .   (no shield)
rNeg     + + +     Faith    .   h - +3 leather armour {rF+}
rPois    ∞         Spirit   .   (no helmet)
rElec    .         Reflect  .   (no cloak)
rCorr    .         Harm     .   (no gloves)
MR       .....                  (no boots)
Stlth    ++++......             (no amulet)
HPRegen  0.00/turn              g - ring of protection from fire
MPRegen  0.11/turn              o - ring of loudness (curse)

@: very slightly contaminated, bloodless, non-regenerating
A: fangs 3, see invisible, unbreathing
a: Bat Form


You were on level 4 of the Dungeon.
You were bloodless.

You visited 1 branch of the dungeon, and saw 4 of its levels.

You collected 185 gold pieces.

Inventory:

Hand Weapons
 a - a +1 dagger
 e - a +0 short sword
 l - a +1 rapier (weapon)
Armour
 h - a +3 leather armour of fire resistance (worn)
Jewellery
 g - a ring of protection from fire (left hand)
 o - a cursed ring of loudness (right hand)
Wands
 n - a wand of random effects (31/48)
Scrolls
 b - a scroll of amnesia
 i - 2 scrolls of enchant armour
 k - a scroll of fear
Potions
 d - 16 potions of blood
 f - a potion of ambrosia
 j - a potion of might {unknown}
 m - a potion of curing
 p - a potion of mutation {unknown}
Books
 c - a book of Maledictions

   Spells                             Type                      Level
   a - Corona                         Hexes                        1
   b - Ensorcelled Hibernation        Hexes/Ice                    2
   c - Confuse                        Hexes                        3
   d - Tukima's Dance                 Hexes                        3
   e - Dazzling Spray                 Conjuration/Hexes            3


   Skills:
 + Level 1.2 Fighting
 + Level 2.7 Short Blades
 + Level 1.1 Armour
 + Level 2.6 Dodging
 + Level 6.8 Stealth
 + Level 2.8 Spellcasting
 + Level 5.1 Hexes
 + Level 1.0 Ice Magic


You couldn't memorise any spells.
You knew the following spells:

 Your Spells              Type           Power        Failure   Level  Hunger
a - Ensorcelled Hibernat  Hex/Ice        ##....       10%         2    ##.....
b - Confuse               Hex            ###.....     9%          3    ###....
c - Tukima's Dance        Hex            ###.....     9%          3    ###....
d - Corona                Hex            ###....      2%          1    None


Dungeon Overview and Level Annotations

Branches:
Dungeon (4/15)
 Temple: D:4-7

Altars:
Fedhas
Qazlal
Vehumet
Wu Jian
The Shining One


Innate Abilities, Weirdness & Mutations

You do not heal naturally.
You are immune to poison.
You have razor-sharp teeth.
You have supernaturally acute eyesight. (SInv)
You can survive without breathing.


Message History

The magic dart hits you!
* * * LOW HITPOINT WARNING * * *
You hit the orc wizard but do no damage.
The orc wizard is moderately wounded.
The orc wizard barely misses you.
You hit the orc wizard.
The orc wizard is heavily wounded.
The orc wizard casts a spell at you. The puff of flame hits you! You resist.
* * * LOW HITPOINT WARNING * * *
The orc wizard hits you with a dagger.
* * * LOW HITPOINT WARNING * * *
You hit the orc wizard.
The orc wizard is severely wounded.
The orc wizard barely misses you. The orc wizard hits you with a dagger.
* * * LOW HITPOINT WARNING * * *
You closely miss the orc wizard.
The orc wizard is severely wounded.
The orc wizard stops glowing.
The orc wizard hits you with a dagger.
You die...

########### #.........#
#.........# ########
#.........# #......#
#.........# #......#
#.........# ###......#
###...(.....#######...#.####
.####.#.......[o@...###.#
.##.....#############...#
.##.##..# #.### .##.....#
##.# .....##.# ##..######
........####### ##..#....[#
....###Z......# ##..##.....#
.#.## #o#####.###..........#
...####.#####..............#


You could see an orc wizard.

Vanquished Creatures
  A howler monkey (D:4)
  An orc priest (D:4)
  A worker ant (D:3)
  5 adders
  3 oozes
  A dart slug (D:1)
  3 leopard geckos
  18 orcs
  3 giant cockroaches
  10 goblins
  8 hobgoblins
  4 jackals (D:2)
  10 kobolds
  A quokka (D:3)
  A ball python (D:1)
  5 bats
  7 frilled lizards
  A quokka skeleton (D:4)
  5 rats
88 creatures vanquished.

Notes
Turn   | Place    | Note
-------+----------+-------------------------------------------
     0 | D:1      | grizmgrazm2 the Vampire Enchanter began the quest for the Orb.
     0 | D:1      | Reached XP level 1. HP: 13/13 MP: 3/3
   155 | D:1      | Reached XP level 2. HP: 19/19 MP: 5/5
   159 | D:1      | Learned a level 2 spell: Ensorcelled Hibernation
   215 | D:1      | Reached skill level 5 in Stealth
   556 | D:1      | Reached XP level 3. HP: 24/24 MP: 3/6
   697 | D:2      | Learned a level 3 spell: Confuse
  1015 | D:2      | Reached XP level 4. HP: 31/31 MP: 7/7
  1072 | D:2      | Reached skill level 6 in Stealth
  1757 | D:2      | Found a blossoming altar of Fedhas.
  1992 | D:3      | Found a glowing golden altar of the Shining One.
  2101 | D:3      | Found a radiant altar of Vehumet.
  2270 | D:3      | Found an ornate altar of the Wu Jian Council.
  2643 | D:3      | Reached XP level 5. HP: 36/36 MP: 8/8
  2649 | D:3      | Learned a level 3 spell: Tukima's Dance
  2879 | D:3      | Reached skill level 1 in Fighting
  3456 | D:4      | Found a stormy altar of Qazlal.
  4033 | D:4      | Reached skill level 1 in Armour
  4033 | D:4      | Reached skill level 5 in Hexes
  4033 | D:4      | Reached skill level 1 in Ice Magic
  4199 | D:4      | Slain by an orc wizard

Vault maps used:
D:1:      dpeg_arrival_houses_and_road
D:2:      minmay_door_path, marbit_many_paths, kennysheep_generic_room_12
D:3:      lemuel_round_altar, nicolae_tso_carved_into_rock, first_bread,
          lemuel_statue_altar
D:4:      lemuel_coloured_pillars_altar, lemuel_round_altar

Skill      XL: |  1  2  3  4  5 |
---------------+----------------+-----
Stealth        | 5 6 |  6.8
Short Blades   | 2 |  2.7
Fighting       | 1 |  1.2
Armour         | 1 |  1.1
Hexes          | 5 |  5.1
Ice Magic      | 1 |  1.0
Dodging        | |  2.6
Spellcasting   | |  2.8

Action                   |  1- 3 |  4- 6 || total
-------------------------+-------+-------++-------
Melee: Short sword       |    68 |    67 ||   135
       Dagger            |     4 |       ||     4
       Bite              |     4 |    17 ||    21
       Rapier            |       |   139 ||   139
 Cast: Corona            |     3 |     3 ||     6
       Ensorcelled Hiber |     8 |    20 ||    28
       Confuse           |       |     6 ||     6
  Use: Scroll            |     6 |     5 ||    11
       Potion            |       |     3 ||     3
 Stab: Sleeping          |    20 |    19 ||    39
       Confused          |       |     1 ||     1
Armor: Robe              |    13 |       ||    13
       Leather armour    |     9 |    73 ||    82
Dodge: Dodged            |    45 |   163 ||   208

Table legend:
 A = Spawn XP
 B = Non-spawn XP
 C = Spawn XP percentage of total XP
 D = Spawn monster count
 E = Non-spawn monster count
 F = Spawn count percentage of total count
 G = Total turns spent on level
                    A         B        C        D         E        F      G
               +---------+---------+-------+---------+---------+-------+---------
         Total |       0 |     370 |   0.0 |       0 |      88 |   0.0 |  4199
               +---------+---------+-------+---------+---------+-------+---------
           D:1 |       0 |      42 |   0.0 |       0 |      22 |   0.0 |   682
           D:2 |       0 |      91 |   0.0 |       0 |      28 |   0.0 |  1188
           D:3 |       0 |     128 |   0.0 |       0 |      32 |   0.0 |  1926
           D:4 |       0 |     109 |   0.0 |       0 |       6 |   0.0 |   403
               +---------+---------+-------+---------+---------+-------+---------
